AoeStats
← 888

Nomad

508180671Analyzed
4v4 RM · 11d ago on Sep 21, 2026· 41m 5s· 8 players
Game mode
Random Map
Map size
231×231
Population
200
Speed
Normal
Resources
Standard
Victory
Conquest
Starting age
Dark Age
Ending age
Imperial Age
RankedLock teamsTeams togetherTeam positionsShared explorationLock speedFull tech treeHidden civsTurbo modeCheats
Victory
Defeat
🇻🇳 Vikings · Vietnam
1384
+13
🇨🇳 Hindustanis · China
1371
+13
🇨🇳 Persians · China
1370
+13
🇨🇳 Mongols · China
1318
+15
🇨🇳 Burmese · China
1386
-16
🇲🇽 Khmer · Mexico
1294
-13
🇮🇹 Romans · Italy
1282
-13
🇫🇷 Persians · France
1269
-12
谢por
6:03 Loom
15:10 Feudal Age
17:25 Double-Bit Axe
19:47 Castle Age
20:37 Fletching
21:36 Bow Saw
33:17 Wheelbarrow
32:57 Fishing Lines
34:40 Bodkin Arrow
35:40 Horse Collar
37:30 Padded Archer Armor
40:07 Hand Cart
40:18 Ballistics
41:08 Leather Archer Armor
老头
7:27 Loom
13:23 Feudal Age
17:58 Castle Age
17:01 Double-Bit Axe
17:44 Stone Mining
23:58 Horse Collar
27:08 Wheelbarrow
26:57 Heavy Plow
28:52 Bow Saw
28:39 Fishing Lines
30:46 Scale Barding Armor
32:55 Chain Barding Armor
34:06 Hand Cart
35:35 Forging
41:37 Imperial Age
41:56 Iron Casting
Chut Pro
2:57 Loom
13:15 Feudal Age
17:09 Castle Age
16:13 Double-Bit Axe
16:31 Fishing Lines
23:26 Padded Archer Armor
23:17 Fletching
23:51 Padded Archer Armor
24:39 Bodkin Arrow
29:54 Man-at-Arms
33:18 Imperial Age
30:49 Gambesons
31:06 Scale Mail Armor
31:16 Forging
31:00 Long Swordsman
31:42 Squires
31:53 Pikeman
33:57 Bow Saw
33:28 Horse Collar
34:23 Conscription
34:20 Chain Mail Armor
34:40 Iron Casting
33:32 Two-Handed Swordsman
34:10 Gold Mining
35:33 Plate Mail Armor
35:35 Champion
38:31 Blast Furnace
38:44 Bracer
39:00 Leather Archer Armor
41:29 Two-Man Saw
40:30 Heavy Plow
40:18 Town Watch
40:21 Arson
40:43 Scale Barding Armor
40:32 Gillnets
40:06 Elite Longship
40:21 Light Cavalry
41:33 Ring Archer Armor
42:07 Chemistry
41:28 Ballistics
41:44 Crop Rotation
41:17 Town Patrol
jichuo
4:14 Loom
12:52 Feudal Age
13:23 Double-Bit Axe
16:32 Fishing Lines
17:28 Gold Mining
20:30 Castle Age
18:34 Stone Mining
20:15 Wheelbarrow
19:29 Fishing Lines
21:37 Medium Warships
22:25 Gillnets
24:00 Bow Saw
23:51 Town Watch
26:04 Stone Shaft Mining
26:18 Hand Cart
28:08 Scale Barding Armor
28:14 Forging
29:16 Bloodlines
30:50 Gold Shaft Mining
36:54 Imperial Age
40:00 Imperial Age
37:48 Light Cavalry
41:10 Conscription
40:43 Heavy Camel Rider
Gumndor
3:44 Loom
14:19 Feudal Age
18:13 Castle Age
21:06 Fishing Lines
28:16 Wheelbarrow
28:41 Light Cavalry
29:50 Town Watch
36:18 Fletching
37:25 Bodkin Arrow
Nick
3:33 Loom
14:42 Feudal Age
18:13 Castle Age
16:14 Double-Bit Axe
16:59 Stone Mining
17:26 Forging
17:16 Scale Mail Armor
18:05 Gold Mining
18:24 Pikeman
19:07 Squires
19:24 Chain Mail Armor
21:42 Fishing Lines
24:49 Fletching
27:37 Wheelbarrow
26:48 Town Watch
31:01 Gillnets
31:45 Bow Saw
32:49 Horse Collar
36:38 Imperial Age
34:32 Guard Tower
35:11 Ballistics
36:58 Iron Casting
37:10 Heavy Scorpion
888
12:47 Feudal Age
13:12 Loom
13:44 Double-Bit Axe
17:56 Gold Mining
20:55 Castle Age
21:51 Wheelbarrow
22:33 Bow Saw
22:06 Horse Collar
24:09 Heavy Plow
27:44 Bloodlines
28:30 Husbandry
35:28 Imperial Age
33:16 Hand Cart
33:09 Scale Barding Armor
33:14 Forging
34:25 Chain Barding Armor
36:02 Iron Casting
36:53 Plate Barding Armor
小农民
4:36 Loom
13:53 Feudal Age
15:28 Fishing Lines
20:22 Castle Age
18:39 Gold Mining
20:31 Horse Collar
20:57 Padded Archer Armor
30:40 Imperial Age
29:04 Husbandry
29:14 Bloodlines
31:22 Squires
30:42 Pikeman
31:57 Arson
32:17 Halberdier
33:18 Town Watch
34:31 Forging
36:27 Conscription
38:05 Iron Casting
37:31 Scale Mail Armor
41:51 Blast Furnace
Connection lost

Rejoining the realm…

Still unreachable

The connection could not be restored.

Session expired

The server has moved on; the page needs a fresh start.